Description

Pure Ling Bane Aggression.

VOD

https://www.youtube.com/watch?v=T844FwnfrmU&feature=youtu.be

Build Order

Get SALT Encoding   

  17  0:52  Hatchery  
  17  1:09  Extractor  
  17  1:15  Spawning Pool  
  19  1:39  Overlord  
  20  2:02  Queen x2, Zergling x2  
  26  2:18  Hatchery  
  25  2:21  Drone x5  
  31  2:45  Queen  
  33  2:48  Overlord  Can switch with Metabolic boost will result in slight block
  33  2:55  Metabolic Boost  
  33  2:58  Drone x8  
  41  3:19  Queen  
  43  3:23  Overlord  
  43  3:24  Zergling  
  44  3:36  Queen, Zergling x2  
  48  3:40  Drone x6  
  54  3:53  Overlord  
  54  3:55  Zergling x2  
  56  3:59  Baneling Nest  
  55  4:02  Queen  
  57  4:05  Overlord  
  57  4:12  Drone x7  
  64  4:21  Spore Crawler x3  
  61  4:30  Queen  
  63  4:35  Drone x10  
  73  4:45  Lair  
  73  4:55  Extractor x2  
  73  4:58  Zergling x5  
  78  5:20  Drone x3  
  81  5:28  Evolution Chamber x2  
  83  5:45  Overseer  
  83  5:50  Centrifical Hooks  
  83  5:52  Extractor  
  83  5:55  Hatchery  
  86  6:15  Zerg Ground Armor Level 1  
  86  6:16  Zerg Melee Weapons Level 1  
  92  6:20  Drone x10  3 Base Saturation
  103  6:36  Hatchery  
  103  6:40  Hatchery  
  103  7:10  Burrow  
  108  7:50  Hatchery  
  144  8:25  Zerg Melee Weapons Level 2  
  144  8:26  Zerg Ground Armor Level 2  
  154  8:55  Infestation Pit  
  176  9:35  Hive  
  190  10:20  Extractor x2  
  190  10:30  Hatchery  
  190  10:50  Adrenal Glands  
  190  11:30  Zerg Melee Weapons Level 3  
  190  11:31  Zerg Ground Armor Level 3  
  190  13:00  Ultralisk Cavern  
Spawning Tool Build Advisor. Get it on Overwolf

Analysis

Mineral focus with as many hatcheries as needed to producer large amounts of lings. First extractor only takes one drone and delays metabolic boost.

Go to:

Details

  • Created by: FreeSymphony
  • Published on: Mar 12, 2019
  • Modified on: Mar 12, 2019
  • Patch: 4.7.1
Show
View Real Time Build Order
Export as new Build Order

Comments (0)

There are no comments. Be the first!

Create an account to comment!